 Dungeon Crawl Stone Soup version 0.28-a0-514-g0d7ab7f379 (webtiles) character file.

Game seed: 9116624012567280517

0 meatgazer the Skirmisher (level 1, -1/18 HPs)
             Began as a Demonspawn Abyssal Knight on Sept 22, 2021.
             Was a Follower of Lugonu.
             Slain by a small abomination (4 damage)
             ... on level 1 of the Abyss.
             The game lasted 00:00:10 (115 turns).

meatgazer the Skirmisher (Demonspawn Abyssal Knight) Turns: 115, Time: 00:00:11

Health: -1/18      AC:  3    Str: 13    XL:     1   Next: 0%
Magic:  2/2        EV: 11    Int: 11    God:    Lugonu [*.....]
Gold:   0          SH:  0    Dex: 13    Spells: 0/0 levels left

rFire   . . .      SeeInvis .   a - +1 spear
rCold   . . .      Faith    .   (no shield)
rNeg    . . .      Spirit   .   b - +0 leather armour
rPois   .          Reflect  .   (no helmet)
rElec   .          Harm     .   (no cloak)
rCorr   .          Rampage  .   (no gloves)
Will    .....                   (no boots)
Stlth   +.........              (no amulet)
HPRegen 0.06/turn               (no ring)
MPRegen 0.08/turn               (no ring)

@: no status effects
A: no striking features
a: Renounce Religion, Depart the Abyss


You were on level 1 of the Abyss.
You worshipped Lugonu.
Lugonu was aware of your devotion.
You visited 0 branches of the dungeon, and saw 0 of its levels.
You visited the Abyss 1 time.

Inventory:

Hand Weapons
 a - a +1 spear (weapon)
Armour
 b - a +0 leather armour (worn)


   Skills:
 + Level 3.0 Fighting
 + Level 1.7 Polearms
 + Level 1.7 Armour
 + Level 0.8 Dodging
 + Level 2.4 Invocations


You couldn't memorise any spells.
You didn't know any spells.
Your spell library was empty.

Dungeon Overview and Level Annotations

Branches:
Dungeon (0/15)

Altars:


Message History

Welcome, meatgazer the Demonspawn Abyssal Knight.
It is said that the Orb of Zot exists deep within this dungeon.
Lugonu says: Depart the Abyss and spread corruption, my servant! (use the ability menu to exit the Abyss) Press ? for a list of commands and other information.
Found a corrupted altar of Lugonu.
Found a gateway leading out of the Abyss.
A small abomination comes into view.
A small abomination is nearby!
A shadow imp and a tentacled starspawn come into view.
The shadow imp shouts!
Tentacles burst from the starspawn's body! 2 starspawn tentacles come into view.
The small abomination hits you!
Ouch! That really hurt!
* * * LOW HITPOINT WARNING * * *
The small abomination completely misses you.
You hit the shadow imp but do no damage.
The small abomination barely misses you.
The shadow imp hits you.
* * * LOW HITPOINT WARNING * * *
Unknown command.
You closely miss the shadow imp.
The small abomination completely misses you.
The shadow imp hits you but does no damage.
The small abomination hits you.
You die...

# ##.... ##.
......### ..#
###.....#.# #..# ##
..........# ..##
##.. #....... .#...#
.... ##...#.#
##.#..#
#..#.5.#..###....#
#.@x#.. ....#. #
#.##X......#####
...#...##.#.....#
.#...X######.#.#...#
#..#.# # ...##.# ..#
#.#..# ##.. .. #. .#
#.##.# .#.##.#
...... # .#.....#.#
##.#..## # . #.#.
.... .....


You could see a tentacled starspawn, a small abomination and a shadow imp.

Vanquished Creatures (others)
  2 starspawn tentacles (Abyss:1)
2 creatures vanquished.

Notes
Turn   | Place    | Note
-------+----------+-------------------------------------------
     0 | Abyss:1  | meatgazer the Demonspawn Abyssal Knight began the quest for
                  | the Orb.
     0 | Abyss:1  | Reached XP level 1. HP: 18/18 MP: 2/2
    98 | Abyss:1  | Noticed a small abomination
   107 | Abyss:1  | Noticed a tentacled starspawn
   115 | Abyss:1  | Slain by a small abomination

Illustrated notes

Levels and vault maps discovered:
Abyss:1:  base: Temple, evilmike_abyss_exit_mutagenic, base:
Temple

Action                   || total
-------------------------++-------
Melee: Spear             ||     2
Armor: Leather armour    ||     1
Dodge: Dodged            ||     3

Table legend: (Time is in decaauts)
 A = Elapsed time spent in this place.
 B = Non-inter-level travel time spent in this place.
 C = Inter-level travel time spent in this place.
 D = Time resting spent in this place.
 E = Time spent auto-exploring this place.
 F = Levels seen in this place.
 G = Mean time per level.
                   A        B        C        D        E       F      G
               +--------+--------+--------+--------+--------+-----+--------+
         Total |    115 |    115 |      0 |      0 |    102 |   1 |  115.0 |
         Abyss |    115 |    115 |      0 |      0 |    102 |   1 |  115.0 |
               +--------+--------+--------+--------+--------+-----+--------+

Top non-repeatable levels by time:
 Abyss:1: 115 daAuts
